 Dungeon Crawl Stone Soup version 0.18.1-47-g9310371 (webtiles) character file.

64 matakusis the Grave Robber (level 3, 0/24 HPs)
             Began as a Demonspawn Necromancer on June 17, 2016.
             Slain by Sigmund
             ... wielding a +1 scythe of venom
              (17 damage)
             ... on level 2 of the Dungeon.
             The game lasted 00:05:45 (1617 turns).

matakusis the Grave Robber (Demonspawn Necromancer) Turns: 1617, Time: 00:05:45

Health: 0/24       AC:  2    Str:  8    XL:     3   Next: 91%
Magic:  0/7        EV: 12    Int: 17    God:
Gold:   172        SH:  0    Dex: 13    Spells: 2 memorised, 6 levels left

rFire  . . .     SeeInvis .     (no weapon)
rCold  + . .     Gourm    .     a - +0 robe
rNeg   . . .     Faith    .     (no shield)
rPois  .         Spirit   .     (no helmet)
rElec  .         Dismiss  .     (no cloak)
rCorr  .         Reflect  .     (no gloves)
SustAt .         Harm     .     (no boots)
MR     .....                    (no amulet)
Stlth  ++........               (no ring)
                                (no ring)

@: not resistant to hostile enchantments, unstealthy
A: cold resistance 1, freezing cloud immunity
a: no special abilities


You were on level 2 of the Dungeon.
You were hungry.

You visited 1 branch of the dungeon, and saw 2 of its levels.

You collected 172 gold pieces.

Inventory:

Armour
 a - a +0 robe (worn)
Scrolls
 f - a scroll of remove curse {unknown}
 h - a scroll of fear {unknown}
 k - a scroll of immolation {unknown}
 m - 4 scrolls of identify {unknown}
Books
 b - a book of Necromancy

   Spells                             Type                      Level
   a - Pain                           Necromancy                   1
   b - Animate Skeleton               Necromancy                   1
   c - Vampiric Draining              Necromancy                   3
   d - Regeneration                   Charms/Necromancy            3
   e - Animate Dead                   Necromancy                   4
   f - Control Undead                 Necromancy                   4
Comestibles
 c - 3 bread rations
 d - a meat ration
 g - 4 fruits
 i - a beef jerky


   Skills:
 - Level 1.7 Dodging
 - Level 1.7 Stealth
 + Level 3.0 Spellcasting
 + Level 5.3 Necromancy


You had 6 spell levels left.
You knew the following spells:

 Your Spells              Type           Power        Failure   Level  Hunger
a - Pain                  Necr           ###.         1%          1    None
b - Animate Skeleton      Necr           N/A          1%          1    None


Dungeon Overview and Level Annotations

Branches:
Dungeon (2/15)

Altars:

Annotations:
D:2 Sigmund


Innate Abilities, Weirdness & Mutations

Your flesh is cold resistant.
You are immune to freezing clouds.


Message History

Sigmund casts a spell at you. The puff of flame hits you!
* * * LOW HITPOINT WARNING * * *
Casting: Pain
Confirm with . or Enter, or press ? or * to list all spells.
Aiming: Pain
Press: ? - help, Shift-Dir - straight line, f/p - Sigmund
Aim: Sigmund, wielding a scythe of venom and wearing a robe (severely wounded, chance to defeat MR: 85%) Sigmund convulses in agony!
Sigmund hits you from afar with a scythe of venom.
* * * LOW HITPOINT WARNING * * *
Drink which item? (? for menu, Esc to quit)
You feel better. Sigmund casts a spell at you.
You are confused.
Drink which item? (? for menu, Esc to quit)
You feel better.
Sigmund hits you from afar with a scythe of venom!
Ouch! That really hurt!
You die...

...###.#...#.##..######.
...........#.##..#
...###.....#.##..#
...........#.##..######
.......................
...#...............##
≈PP≈..#...##.##..#.#
♣P≈PPPPP..##.##..#.####.
≈≈♣≈≈≈≈≈PP≈#.##.@.......
≈P≈≈♣≈≈≈PPP≈.#..........
..PPP≈≈♣♣≈PP....@.......
.#.≈PP♣≈≈≈≈PP#...#.###.#
.#.P≈PP♣♣≈≈≈P#...#.# #
.....P♣≈♣♣≈P #...#.#
..≈PPP♣ ≈≈P ......#
.≈P≈≈♣≈≈ .#...#
P≈≈≈♣PPP≈


You could see Sigmund.

Vanquished Creatures
  Jessica (D:2)
  An adder (D:2)
  A dart slug (D:2)
  6 bats
  2 giant cockroaches
  A goblin (D:2)
  2 hobgoblins (D:2)
  2 jackals (D:2)
  4 kobolds
  A quokka (D:2)
  A ball python (D:2)
  A giant newt (D:2)
  6 rats
29 creatures vanquished.

Notes
Turn   | Place    | Note
--------------------------------------------------------------
     0 | D:1      | matakusis the Demonspawn Necromancer began the quest for the Orb.
     0 | D:1      | Reached XP level 1. HP: 13/13 MP: 3/3
    83 | D:1      | Learned a level 1 spell: Animate Skeleton
   448 | D:1      | Gained mutation: Your flesh is cold resistant. [demonic ancestry]
   448 | D:1      | Reached XP level 2. HP: 18/19 MP: 1/5
   739 | D:2      | Reached skill level 5 in Necromancy
   991 | D:2      | Gained mutation: You are immune to freezing clouds. [demonic ancestry]
   991 | D:2      | Reached XP level 3. HP: 11/24 MP: 1/6
  1333 | D:2      | Noticed Jessica
  1341 | D:2      | Killed Jessica
  1607 | D:2      | Noticed Sigmund
  1617 | D:2      | Slain by Sigmund

Skill      XL: |  1  2  3 |
---------------+----------+-----
Necromancy     | 5 |  5.3
Spellcasting   | 3 |  3.0
Dodging        | |  1.7
Stealth        | |  1.7

Action                   || total
-------------------------++-------
Melee: Unarmed           ||    16
 Cast: Pain              ||    57
       Animate Skeleton  ||     9
  Use: Potion            ||     5
  Eat: Chunk             ||     2
Armor: Robe              ||     6
       Skin              ||    11
Dodge: Dodged            ||    24
